 Dungeon Crawl Stone Soup version 0.22-a0-897-g1b7a381375 (webtiles) character file.

367 RedPan the Cudgeler (level 6, -10/59 HPs)
             Began as a Troll Monk on July 31, 2018.
             Mangled by an ogre
             ... wielding a +0 giant spiked club
              (25 damage)
             ... on level 4 of the Dungeon.
             The game lasted 00:07:51 (2554 turns).

RedPan the Cudgeler (Troll Monk)                    Turns: 2554, Time: 00:07:52

Health: -10/59     AC:  6    Str: 20    XL:     6   Next: 41%
Magic:  5/5        EV: 12    Int:  6    God:
Gold:   157        SH:  0    Dex: 18    Spells: 5/5 levels left

rFire    . . .     SeeInvis .   f - +2 mace (drain)
rCold    . . .     Gourm    +   (no shield)
rNeg     . . .     Faith    .   o - +1 robe
rPois    .         Spirit   .   (helmet restricted)
rElec    .         Reflect  .   (no cloak)
rCorr    .         Harm     .   (gloves unavailable)
MR       .....                  (boots unavailable)
Stlth    +++.......             (no amulet)
HPRegen  0.59/turn              p - +4 ring of dexterity
MPRegen  0.09/turn              n - ring of stealth

@: lethally poisoned (-10 -> -10)
A: large, unfitting armour, claws 3, fast metabolism 3, gourmand, regeneration
1, shaggy fur 1, tough skin 2
a: no special abilities


You were on level 4 of the Dungeon.
You were very full.

You visited 1 branch of the dungeon, and saw 4 of its levels.

You collected 157 gold pieces.

Inventory:

Hand Weapons
 f - a +2 mace of draining (weapon)
Missiles
 b - a throwing net (quivered)
Armour
 o - a +1 robe (worn)
Jewellery
 d - an uncursed ring of flight
 n - a ring of stealth (right claw)
 p - a +4 ring of dexterity (left claw)
Wands
 h - a wand of flame (22)
Scrolls
 i - 2 scrolls of remove curse
 j - 2 scrolls of teleportation
 k - 2 scrolls of identify
Potions
 a - a potion of agility
 e - a potion of curing
 g - a potion of heal wounds {unknown}
 q - a potion of lignification
 r - a potion of ambrosia
Comestibles
 c - 6 rations


   Skills:
 - Level 2.4 Fighting
 * Level 5.9 Maces & Flails
 + Level 3.6 Dodging
 - Level 1.0 Stealth


You had 5 spell levels left.
You didn't know any spells.
Your spell library was empty.

Dungeon Overview and Level Annotations

Branches:
Dungeon (4/15)
 Temple: D:4-7

Altars:


Innate Abilities, Weirdness & Mutations

You are too large for most types of armour.
You have claws for hands.
Your metabolism is lightning-fast.
You like to eat raw meat.
Your natural rate of healing is unusually fast.
You are covered in fur. (AC +1)
You have very tough skin. (AC +2)


Message History

The hound is heavily wounded.
The hound bites you. x2
You closely miss the hound.
The hound is heavily wounded.
The hound bites you but does no damage. The hound barely misses you.
You sock the hound! You drain the hound!
You kill the hound!
The adder bites you.
You are poisoned.
The adder poisons you!
You sock the adder! You drain the adder!
You kill the adder!
You feel sick.
You hit the ogre.
The ogre is lightly wounded.
The ogre hits you with a giant spiked club!!
* * * LOW HITPOINT WARNING * * *
You barely miss the ogre.
You feel sick.
The ogre hits you with a giant spiked club!!
You die...

#.......## #..#
##.##
#...$....###..###
#.#
#.....!...##....#
#.##
#...............#
#..#
#.............#
#..#
#...........#
##..#
#....?......#
#..##
#.......###O##
##.## #..##...##
##@## ##.## #.
##... ##.## ##.##
#. #...# #..###
#.## . .###.
##...### #.## #.
#. ##....# #..#
#.
###....###..###
..........#....#
#.........[....#
##............##


You could see an ogre.

Vanquished Creatures
  A water moccasin (D:3)
  2 hounds (D:4)
  An iguana (D:4)
  Ijyb (D:4)
  A worker ant (D:4)
  4 adders
  An ooze (D:1)
  A worm (D:2)
  7 dart slugs
  An orc (D:3)
  A ball python (D:4)
  3 giant cockroaches
  6 goblins
  13 hobgoblins
  A quokka (D:2)
  11 bats
  3 frilled lizards
  8 kobolds
  A quokka skeleton (D:4)
  7 rats
74 creatures vanquished.

Notes
Turn   | Place    | Note
-------+----------+-------------------------------------------
     0 | D:1      | RedPan the Troll Monk began the quest for the Orb.
     0 | D:1      | Reached XP level 1. HP: 22/22 MP: 0/0
    15 | D:1      | Reached skill level 3 in Maces & Flails
    97 | D:1      | Reached XP level 2. HP: 25/29 MP: 1/1
   363 | D:1      | Reached XP level 3. HP: 36/36 MP: 2/2
   806 | D:2      | Reached skill level 4 in Maces & Flails
   997 | D:2      | Reached XP level 4. HP: 41/44 MP: 3/3
  1425 | D:2      | Found a faded altar of an unknown god.
  1650 | D:3      | Noticed a water moccasin
  1671 | D:3      | Killed a water moccasin
  1671 | D:3      | Reached skill level 5 in Maces & Flails
  1671 | D:3      | Reached XP level 5. HP: 13/50 MP: 4/4
  2377 | D:4      | Reached XP level 6. HP: 56/59 MP: 5/5
  2409 | D:4      | Noticed Ijyb
  2416 | D:4      | Killed Ijyb
  2554 | D:4      | Mangled by an ogre

Vault maps used:
D:1:      dpeg_arrival_tiny_d, hangedman_decor_riveting
D:2:      minmay_diamond_boxcup, chequers_ecumenical_altar_grove
D:4:      tso_oasis_becter, first_ration, uniq_ijyb, uniq_grinder, uniq_pikel

Skill      XL: |  1  2  3  4 |
---------------+-------------+-----
Maces & Flails | 3 4 5 |  5.9
Dodging        | 3 |  3.6
Fighting       | |  2.4
Stealth        | |  1.0

Action                   |  1- 3 |  4- 6 || total
-------------------------+-------+-------++-------
Melee: Mace              |    82 |    98 ||   180
  Use: Scroll            |     1 |    10 ||    11
       Potion            |       |     1 ||     1
 Stab: Sleeping          |     2 |    10 ||    12
       Distracted        |     1 |       ||     1
  Eat: Chunk             |    15 |    12 ||    27
Armor: Robe              |    28 |    34 ||    62
Dodge: Dodged            |    37 |    55 ||    92

Table legend:
 A = Spawn XP
 B = Non-spawn XP
 C = Spawn XP percentage of total XP
 D = Spawn monster count
 E = Non-spawn monster count
 F = Spawn count percentage of total count
 G = Total turns spent on level
                    A         B        C        D         E        F      G
               +---------+---------+-------+---------+---------+-------+---------
         Total |       0 |     525 |   0.0 |       0 |      74 |   0.0 |  2554
               +---------+---------+-------+---------+---------+-------+---------
           D:1 |       0 |      47 |   0.0 |       0 |      23 |   0.0 |   692
           D:2 |       0 |      84 |   0.0 |       0 |      30 |   0.0 |   917
           D:3 |       0 |     174 |   0.0 |       0 |      12 |   0.0 |   653
           D:4 |       0 |     220 |   0.0 |       0 |       9 |   0.0 |   292
               +---------+---------+-------+---------+---------+-------+---------
